 Dungeon Crawl Stone Soup version 0.20.0-15-g7f486f2 (webtiles) character file.

56 Naow the Firebug (level 3, 0/19 HPs)
             Began as a Deep Elf Fire Elementalist on June 10, 2017.
             Slain by an ogre
             ... wielding a +0 giant club
              (19 damage)
             ... on level 2 of the Dungeon.
             The game lasted 00:02:11 (2345 turns).

Naow the Firebug (Deep Elf Fire Elementalist)       Turns: 2345, Time: 00:02:11

Health: 0/19       AC:  2    Str:  5    XL:     3   Next: 71%
Magic:  8/10       EV: 13    Int: 20    God:
Gold:   54         SH:  0    Dex: 15    Spells: 8/9 levels left

rFire    . . .     SeeInvis .   n - +0 whip (curse)
rCold    . . .     Gourm    .   (no shield)
rNeg     . . .     Faith    .   a - +0 robe
rPois    .         Spirit   .   (no helmet)
rElec    .         Reflect  .   (no cloak)
rCorr    .         Harm     .   (no gloves)
MR       .....                  (no boots)
Stlth    ++........             (no amulet)
Regen    0.1/turn               (no ring)
MPRegen  0.2/turn               (no ring)

@: no status effects
A: no striking features
a: no special abilities


You were on level 2 of the Dungeon.
You were not hungry.

You visited 1 branch of the dungeon, and saw 3 of its levels.

You collected 54 gold pieces.

Inventory:

Hand Weapons
 n - a cursed +0 whip (weapon)
Armour
 a - a +0 robe (worn)
Scrolls
 e - a scroll of magic mapping {unknown}
 g - a scroll of immolation {unknown}
 h - a scroll of fear {unknown}
 j - a scroll of enchant weapon {unknown}
 k - 4 scrolls of identify {unknown}
 l - a scroll of fog {unknown}
 m - a scroll of random uselessness {unknown}
 o - a scroll of teleportation {unknown}
Potions
 p - a potion of curing {unknown}
 q - 2 potions of lignification {unknown}
Books
 b - a book of Flames

   Spells                             Type                      Level
   a - Flame Tongue                   Conjuration/Fire             1
   b - Throw Flame                    Conjuration/Fire             2
   c - Conjure Flame                  Conjuration/Fire             3
   d - Inner Flame                    Hexes/Fire                   3
   e - Sticky Flame                   Conjuration/Fire             4
   f - Fireball                       Conjuration/Fire             5
Comestibles
 c - a bread ration
 f - 3 royal jellies
 i - 3 fruits


   Skills:
 - Level 2.4 Dodging
 - Level 2.4 Stealth
 + Level 3.8 Spellcasting
 + Level 2.5 Conjurations
 + Level 4.1 Fire Magic


You had 8 spell levels left.
You knew the following spells:

 Your Spells              Type           Power        Failure   Level  Hunger
a - Flame Tongue          Conj/Fire      ###..        3%          1    None


Dungeon Overview and Level Annotations

Branches:
Dungeon (3/15)

Altars:
Elyvilon

Annotations:
D:3 Lavandula's ghost, amateur DEIE


Message History

There is a stone staircase leading down here.
You hit the frilled lizard.
You kill the frilled lizard!
Casting: Flame Tongue
Confirm with . or Enter, or press ? or * to list all spells.
Aiming: Flame Tongue
Press: ? - help, Shift-Dir - straight line, f - ogre
Aim: an ogre, wielding a giant club (moderately wounded)
The flame tongue hits the ogre.
The ogre is severely wounded.
Casting: Flame Tongue
Confirm with . or Enter, or press ? or * to list all spells.
Aiming: Flame Tongue
Press: ? - help, Shift-Dir - straight line, f/p - ogre
Aim: an ogre, wielding a giant club (severely wounded)
The flame tongue hits the ogre.
The ogre is almost dead.
The ogre hits you with a giant club!!
Ouch! That really hurt!
You die...

#...........# #......# #..
#...........# #......# #..
#...........# ###......# #..
##........)..# #.+......# #..
#...(.(......####.#......######..
#.######O........................
#.# #.###.####.#......######..
#.## #.###.####.####.########..
...### #......†O@......# #.......
...≈≈# ###############.# #.......
.♣).≈## #.# #.......
......################.# #######.
._.♣...##.≈≈≈≈≈≈≈≈≈.##.##########
.r.....#...≈≈≈≈≈≈≈...#...........
r♣..≈#.#...........(.#(###.######
...≈≈#..............(((###.# #...
...#####...........()#.....# #...


You could see an ogre.

Vanquished Creatures
  2 oozes
  A worm (D:2)
  2 dart slugs (D:1)
  An orc (D:3)
  A giant cockroach (D:2)
  4 goblins
  4 hobgoblins
  11 kobolds
  A ball python (D:1)
  8 bats
  A frilled lizard (D:2)
  5 rats
41 creatures vanquished.

Vanquished Creatures (others)
  A hobgoblin (D:2)
1 creature vanquished.

Grand Total: 42 creatures vanquished

Notes
Turn   | Place    | Note
-------+----------+-------------------------------------------
     0 | D:1      | Naow the Deep Elf Fire Elementalist began the quest for the Orb.
     0 | D:1      | Reached XP level 1. HP: 10/10 MP: 6/6
   153 | D:1      | Reached XP level 2. HP: 12/15 MP: 1/8
  1141 | D:2      | Reached XP level 3. HP: 19/19 MP: 3/10
  1223 | D:2      | Found a white marble altar of Elyvilon.
  1344 | D:2      | Reached skill level 4 in Fire Magic
  2139 | D:3      | Noticed Lavandula's ghost (amateur DEIE)
  2328 | D:3      | Noticed an ogre
  2345 | D:2      | Slain by an ogre

Skill      XL: |  1  2  3 |
---------------+----------+-----
Conjurations   | 2 |  2.5
Fire Magic     | 4 |  4.1
Dodging        | |  2.4
Stealth        | |  2.4
Spellcasting   | |  3.8

Action                   || total
-------------------------++-------
Melee: Unarmed           ||     5
       Whip              ||     3
 Cast: Flame Tongue      ||    80
 Stab: Sleeping          ||     1
  Eat: Chunk             ||     4
Armor: Robe              ||     9
Dodge: Dodged            ||    43
